 Dungeon Crawl Stone Soup version 0.21.1-1-g345015fe64 (webtiles) character file.

26 Epsynus the Covered (level 2, -4/27 HPs)
             Began as a Minotaur Fighter on Mar 9, 2018.
             Killed from afar by Sigmund (6 damage)
             ... with a puff of flame
             ... on level 2 of the Dungeon.
             The game lasted 00:09:28 (1276 turns).

Epsynus the Covered (Minotaur Fighter)              Turns: 1276, Time: 00:09:29

Health: -4/27      AC:  7    Str: 20    XL:     2   Next: 89%
Magic:  1/1        EV:  7    Int:  5    God:
Gold:   103        SH:  9    Dex:  9    Spells: 1/1 levels left

rFire    . . .     SeeInvis .   a - +0 war axe
rCold    . . .     Gourm    .   c - +0 shield
rNeg     . . .     Faith    .   b - +0 scale mail
rPois    .         Spirit   .   (helmet restricted)
rElec    .         Reflect  .   (no cloak)
rCorr    .         Harm     .   (no gloves)
MR       .....                  (no boots)
Stlth    ..........             (no amulet)
HPRegen  0.09/turn              (no ring)
MPRegen  0.07/turn              (no ring)

@: no status effects
A: retaliatory headbutt, horns 2
a: no special abilities


You were on level 2 of the Dungeon.
You were not hungry.

You visited 1 branch of the dungeon, and saw 2 of its levels.

You collected 103 gold pieces.

Inventory:

Hand Weapons
 a - a +0 war axe (weapon)
 j - a +0 dagger
 o - a +0 short sword
 v - a +0 dagger
 x - a cursed +0 short sword
 y - a +0 short sword
Missiles
 e - 20 bolts
 h - 60 stones (quivered)
 i - 32 sling bullets
Armour
 b - a +0 scale mail (worn)
 c - a +0 shield (worn)
 p - a +0 ring mail
 s - a +0 robe
 t - a +0 ring mail
Scrolls
 g - a scroll of remove curse {unknown}
 l - a scroll of teleportation {unknown}
 n - a scroll of noise {unknown}
 r - a scroll of identify {unknown}
Potions
 d - a potion of might
 k - a potion of berserk rage {unknown}
 m - 3 potions of curing {unknown}
 q - a potion of brilliance {unknown}
 w - a potion of heal wounds {unknown}
 z - a potion of resistance {unknown}
 A - a potion of agility {unknown}
 B - a potion of haste {unknown}
Comestibles
 f - 2 rations
 u - 2 chunks of flesh


   Skills:
 + Level 3.8 Fighting
 + Level 3.0 Axes
 + Level 4.2 Armour
 + Level 0.1 Dodging
 + Level 4.0 Shields


You had one spell level left.
You didn't know any spells.

Dungeon Overview and Level Annotations

Branches:
Dungeon (2/15)

Altars:
Ashenzari

Annotations:
D:2 Sigmund


Innate Abilities, Weirdness & Mutations

You reflexively headbutt those who attack you in melee.
You have a pair of horns on your head.


Message History

Sigmund mumbles some strange words.
Sigmund flickers and vanishes!
Deactivating autopickup; reactivate with Ctrl-A.
You enter the shallow water.
Moving in this stuff is going to be slow.
You hear a splashing noise.
Something hits you but does no damage.
A puff of flame appears from out of thin air!
The puff of flame hits you!
* * * LOW HITPOINT WARNING * * *
A puff of flame appears from out of thin air!
The puff of flame hits you! Something hits you.
* * * LOW HITPOINT WARNING * * *
There is a stone staircase leading up here.
You can't go down here!
You hear some strange, mumbled words.
A puff of flame appears from out of thin air!
The puff of flame hits you!
You die...

#...≈≈....≈..≈#
#####.......###
##.#..####### #.#
#............ ######
#.# ##.#..#######
.....##.##.# #....#
.....##.##.# #{.#.#
.....##.##.######..#.#
........##......@.>#.#
.....#..##.#######.#.#
.....#..##.## #.#.#
.....#..#...######.#.##
..........#...........#
#########.............#
. ......########...# ##
####### ##### #


There were no monsters in sight!

Vanquished Creatures
  A leopard gecko (D:1)
  A goblin (D:2)
  A hobgoblin (D:1)
  2 jackals (D:1)
  A quokka (D:2)
  6 bats
  5 frilled lizards
  5 kobolds
  5 rats
27 creatures vanquished.

Notes
Turn   | Place    | Note
-------+----------+-------------------------------------------
     0 | D:1      | Epsynus the Minotaur Fighter began the quest for the Orb.
     0 | D:1      | Reached XP level 1. HP: 19/19 MP: 0/0
   144 | D:1      | Reached XP level 2. HP: 26/27 MP: 1/1
   506 | D:1      | Found a shattered altar of Ashenzari.
   835 | D:1      | You fall through a shaft!
  1203 | D:2      | Found a faded altar of an unknown god.
  1241 | D:2      | Noticed Sigmund
  1268 | D:2      | HP: 1/27 [something (5)]
  1276 | D:2      | Killed from afar by Sigmund

Skill      XL: |  1  2 |
---------------+-------+-----
Armour         | 4 |  4.2
Shields        | 4 |  4.0
Axes           | 3 |  3.0
Fighting       | |  3.8
Dodging        | |  0.1

Action                   || total
-------------------------++-------
Melee: War axe           ||    60
       Headbutt          ||     5
  Eat: Chunk             ||     1
Armor: Scale mail        ||    49
Dodge: Dodged            ||    29
Block: Shield            ||    44
